 Dungeon Crawl Stone Soup version 0.27.1-3-gb3d3a73c9e (webtiles) character file.

Game seed: 6893267039197090192

9 jsc133 the Slasher (level 2, 0/27 HPs)
             Began as a Minotaur Berserker on Oct 22, 2021.
             Was a Follower of Trog.
             Slain by a gnoll (2 damage)
             ... on level 2 of the Dungeon.
             The game lasted 00:01:16 (319 turns).

jsc133 the Slasher (Minotaur Berserker)              Turns: 319, Time: 00:01:17

Health: 0/27       AC:  2    Str: 21    XL:     2   Next: 6%
Magic:  1/1        EV: 12    Int:  4    God:    Trog [*.....]
Gold:   0          SH:  0    Dex:  9    Spells: 1/1 levels left

rFire    . . .     SeeInvis .   a - +0 falchion
rCold    . . .     Faith    .   (no shield)
rNeg     . . .     Spirit   .   b - +0 animal skin
rPois    .         Reflect  .   (helmet restricted)
rElec    .         Harm     .   (no cloak)
rCorr    .         Rampage  .   (no gloves)
Will     .....                  (no boots)
Stlth    +.........             (no amulet)
HPRegen  0.09/turn              (no ring)
MPRegen  0.07/turn              (no ring)

@: no status effects
A: horns 2, retaliatory headbutt
a: Renounce Religion, Berserk


You were on level 2 of the Dungeon.
You worshipped Trog.
Trog was aware of your devotion.
You visited 1 branch of the dungeon, and saw 2 of its levels.

Inventory:

Hand Weapons
 a - a +0 falchion (weapon)
Armour
 b - a +0 animal skin (worn)
Scrolls
 c - a scroll of holy word {unknown}


   Skills:
 + Level 3.9 Fighting
 + Level 4.0 Long Blades
 + Level 2.5 Armour
 + Level 2.3 Dodging


You had one spell level left.
You didn't know any spells.
Your spell library was empty.

Dungeon Overview and Level Annotations

Branches:
Dungeon (2/15)

Altars:


Innate Abilities, Weirdness & Mutations

You have a pair of horns on your head.
You reflexively headbutt those who attack you in melee.


Message History

You headbutt the quokka!
You kill the quokka!
Trog accepts your kill.
Your Long Blades skill increases to level 4!
You have reached level 2!
c - a scroll labelled DARICR OMEUMOB A rat comes into view.
A rat is nearby!
You closely miss the rat. The rat closely misses you.
You hit the rat.
You kill the rat!
Trog accepts your kill.
No target in view!
Found a stone staircase leading down.
There is a stone staircase leading down here.
You climb downwards.
There is a stone staircase leading up here.
Found a leather armour.
A goblin and a gnoll come into view.
The gnoll is wielding a +0 spear of flaming.
The gnoll shouts!
You hear a shout! x3; You hear an angry hiss.
The gnoll moves out of view.
A gnoll comes into view. It is wielding a +0 halberd.
A bat comes into view.
A gnoll comes into view. It is wielding a +0 spear.
The gnoll shouts!
The gnoll hits you with a +0 spear of flaming.
The gnoll burns you. The gnoll barely misses you.
You hit the gnoll but do no damage. The gnoll barely misses you.
You riposte.
You barely miss the gnoll. The goblin barely misses you.
The gnoll hits you from afar with a +0 spear.
You hit the gnoll.
The gnoll is moderately wounded.
The goblin hits you with a +0 club. The gnoll barely misses you.
The gnoll hits you from afar with a +0 halberd!
Ouch! That really hurt!
* * * LOW HITPOINT WARNING * * *
A ball python comes into view.
The gnoll hits you with a +0 spear of flaming.
You die...

#.....##
....#
###....# #
#######.##
.........#
.######..#
#..# #..#
#..+ #@##
#..Sggg#
#...g.b#
#.....[#
#......#
#.....##
#.....
######


You could see 3 gnolls, a goblin, a bat and a ball python (wandering).

Vanquished Creatures
  A dart slug (D:1)
  2 ball pythons (D:1)
  A hobgoblin (D:1)
  A quokka (D:1)
  2 rats (D:1)
7 creatures vanquished.

Notes
Turn   | Place    | Note
-------+----------+-------------------------------------------
     0 | D:1      | jsc133 the Minotaur Berserker began the quest for the Orb.
     0 | D:1      | Reached XP level 1. HP: 19/19 MP: 0/0
   150 | D:1      | Reached skill level 4 in Long Blades
   150 | D:1      | Reached XP level 2. HP: 24/27 MP: 1/1
   319 | D:2      | Slain by a gnoll

Illustrated notes

Levels and vault maps discovered:
D:1:      eino_arrival_water_cross, layout_basic,
          dreamdust_ecumenical_altar_sealed_demon, minmay_pentomino_z2
D:2:      layout_basic, basic_altar, minivault_23, minmay_misc_feat_room,
          solitary_fountain

Skill      XL: |  1 |
---------------+----+-----
Long Blades    | 4 |  4.0
Fighting       | |  3.9
Armour         | |  2.5
Dodging        | |  2.3

Action                   || total
-------------------------++-------
Melee: Falchion          ||    11
       Headbutt          ||     2
Armor: Animal skin       ||     2
Dodge: Dodged            ||    14
       Rpst.: Falchion   ||     2
